 Dungeon Crawl Stone Soup version 0.28.0-45-g0d030f2227 (webtiles) character file.

Game seed: 7443272573323072990

882 issech the Cudgeller (level 7, -5/59 (68) HPs)
             Began as a Troll Monk on Apr 7, 2022.
             Killed from afar by an orc wizard (8 damage)
             ... with a magic dart
             ... on level 5 of the Dungeon.
             The game lasted 00:12:36 (3848 turns).

issech the Cudgeller (Troll Monk)                   Turns: 3848, Time: 00:12:37

HP:   -5/59 (68)    AC:  4    Str: 20    XL:     7   Next: 76%
MP:   15/15         EV: 11    Int:  6    God:
Gold: 280           SH:  0    Dex: 14    Spells: 6/6 levels left

rFire   . . .      SeeInvis .   l - +3 morningstar of Rotation {speed, rC+}
rCold   + . .      Faith    .   (no shield)
rNeg    . . .      Spirit   .   A - +0 animal skin
rPois   .          Reflect  .   (helmet restricted)
rElec   .          Harm     .   (no cloak)
rCorr   .          Rampage  .   (gloves unavailable)
Will    .....                   (boots unavailable)
Stlth   ++........              (no amulet)
HPRegen 0.99/turn               F - ring of magical power
MPRegen 0.14/turn               (no ring)

@: heavily drained
A: large, unfitting armour, claws 3, regeneration 1, shaggy fur 1, tough skin 1
a: no special abilities


You were on level 5 of the Dungeon.
You visited 1 branch of the dungeon, and saw 5 of its levels.

You collected 280 gold pieces.

Inventory:

Hand Weapons
 a - a +0 mace
 g - a +0 dagger of venom
 l - the +3 morningstar of Rotation (weapon) {speed, rC+}
   (You found it on level 2 of the Dungeon)

   Attacks with this weapon are significantly faster.
   rC:        It protects you from cold.
 q - a +0 hunting sling
 t - a +0 short sword of venom
 u - a +1 spectral club
 C - a +0 flail
 E - a +0 giant spiked club
Missiles
 i - 77 arrows
 j - 129 stones (quivered)
 p - 22 bolts
 r - 4 atropa-tipped darts
 B - 61 sling bullets
Armour
 b - a +0 robe
 A - a +0 animal skin (worn)
Magical Staves
 h - a staff of earth
Jewellery
 F - a ring of magical power (left claw)
Scrolls
 c - a scroll of magic mapping {unknown}
 f - 2 scrolls of noise {unknown}
 o - 4 scrolls of identify {unknown}
 s - 2 scrolls of holy word {unknown}
 v - a scroll of teleportation {unknown}
 y - a scroll of fog {unknown}
 D - a scroll of vulnerability {unknown}
 G - a scroll of immolation {unknown}
Potions
 d - 2 potions of heal wounds {unknown}
 e - 7 potions of curing {unknown}
 k - a potion of haste {unknown}
 m - 2 potions of berserk rage {unknown}
 n - a potion of brilliance {unknown}
 w - a potion of invisibility {unknown}
 x - a potion of magic {unknown}
 z - a potion of attraction {unknown}
 H - a potion of degeneration {unknown}
 I - a potion of mutation {unknown}


   Skills:
 + Level 3.9 Fighting
 + Level 6.8 Maces & Flails
 + Level 0.9 Throwing
 + Level 3.6 Dodging
 + Level 1.6 Stealth


You had 6 spell levels left.
You didn't know any spells.
Your spell library contained the following spells:

 Spells                   Type           Power      Damage    Failure   Level
 Animate Skeleton         Necr           0%         N/A       45%         1
 Apportation              Tloc           0%         N/A       45%         1
 Summon Small Mammal      Summ           0%         N/A       45%         1
 Ensorcelled Hibernation  Hex/Ice        0%         N/A       58%         2


Dungeon Overview and Level Annotations

Branches:
Dungeon (5/15)
 Temple: D:4-7

Altars:
Dithmenos
Nemelex Xobeh
Wu Jian


Innate Abilities, Weirdness & Mutations

You are too large for most types of armour.
You have claws for hands.
Your natural rate of healing is unusually fast.
You are covered in fur. (AC +1)
You have tough skin. (AC +1)


Message History

The orc closely misses you.
You barely miss something.
You feel less confused.
The orc hits you from afar with a +0 trident!
You miss something. The orc hits you but does no damage.
You miss something. Something hits you.
You feel drained.
The orc hits you from afar with a +0 trident. x2
You barely miss something. Something hits you.
You feel drained.
The orc hits you from afar with a +0 trident.
Something hits you but does no damage.
You feel drained.
The orc hits you from afar with a +0 trident.
You hear some strange, mumbled words.
You are confused.
Something hits you but does no damage.
You feel drained. The orc misses you.
You bump into the rock wall.
The orc hits you with a +0 trident.
You hear some strange, mumbled words.
A puff of flame appears from out of thin air!
The puff of flame hits you. The orc barely misses you.
You bump into the rock wall.
The orc closely misses you. Something hits you but does no damage.
You feel drained. The orc barely misses you.
Something hits you but does no damage.
You feel drained.
The orc hits you from afar with a +0 trident.
The orc closely misses you. The orc hits you with a +0 trident.
The orc hits you from afar with a +0 trident!
* * * LOW HITPOINT WARNING * * *
You feel less confused. The orc barely misses you. Something hits you.
* * * LOW HITPOINT WARNING * * *
You feel drained. The orc barely misses you.
The orc hits you from afar with a +0 trident.
* * * LOW HITPOINT WARNING * * *
The worm bites you.
* * * LOW HITPOINT WARNING * * *
The orc hits you from afar with a +0 trident!
* * * LOW HITPOINT WARNING * * *
A magic dart appears from out of thin air!
The magic dart hits you!
You die...

#.# #.#.####### #.#
#.#.†.....# #.######
#<......#.# #......#
#....>..#.## #....o.#
#.......#.#< #....w.#
#.......#.## #....o{#
#.#..####...
#......######.#..##...##
#......@......#..##...#.
#.#'###########..##...#.
#.#))....... #..##.....
#.#..#...... #...'....)
#.#..# #########.##.....
..>. .............
...... .............
......# #######.#...#
.......$ #.#...'


You could see a worm and 2 orcs.

Vanquished Creatures
  A necrophage (D:5)
  3 ogres (D:4)
  A wyvern zombie (D:5)
  A bullfrog skeleton (D:3)
  2 orc priests (D:3)
  A hound (D:4)
  Jessica (D:3)
  5 iguanas
  An orc wizard (D:5)
  A hound skeleton (D:4)
  Robin (D:3)
  4 adders
  2 worms
  4 dart slugs
  6 orcs
  11 ball pythons
  6 bats
  9 endoplasms
  4 giant cockroaches
  12 goblins
  10 hobgoblins
  A jackal (D:1)
  10 kobolds
  4 quokkas
  4 frilled lizards
  A quokka skeleton (D:2)
  8 rats
114 creatures vanquished.

Vanquished Creatures (others)
  22 plants (D:1)
22 creatures vanquished.

Grand Total: 136 creatures vanquished

Notes
Turn   | Place    | Note
-------+----------+-------------------------------------------
     0 | D:1      | issech the Troll Monk began the quest for the Orb.
     0 | D:1      | Reached XP level 1. HP: 22/22 MP: 0/0
   182 | D:1      | Reached XP level 2. HP: 28/29 MP: 1/1
   266 | D:1      | Reached skill level 3 in Maces & Flails
   364 | D:1      | Reached XP level 3. HP: 34/36 MP: 2/2
   927 | D:2      | Identified the +3 morningstar of Rotation {speed, rC+}
  1102 | D:2      | Reached XP level 4. HP: 44/44 MP: 3/3
  1229 | D:2      | Found a faded altar of an unknown god.
  2119 | D:3      | Reached skill level 4 in Maces & Flails
  2119 | D:3      | Reached XP level 5. HP: 47/53 MP: 4/4
  2383 | D:3      | Noticed Jessica
  2388 | D:3      | Killed Jessica
  2417 | D:3      | Got Jessica's Tome of Curses
  2614 | D:3      | Found a faded altar of an unknown god.
  2614 | D:3      | Found a faded altar of an unknown god.
  2622 | D:3      | Found an ornate altar of the Wu Jian Council.
  2625 | D:3      | Found a shadowy altar of Dithmenos.
  2627 | D:3      | Found a sparkling altar of Nemelex Xobeh.
  2704 | D:3      | Noticed Robin
  2724 | D:3      | Reached XP level 6. HP: 47/61 MP: 5/5
  2728 | D:3      | Killed Robin
  3080 | D:4      | Reached skill level 5 in Maces & Flails
  3260 | D:4      | Reached XP level 7. HP: 48/67 MP: 6/6
  3448 | D:4      | Reached skill level 6 in Maces & Flails
  3586 | D:5      | Entered Level 5 of the Dungeon
  3847 | D:5      | HP: 2/59 [orc/+0 trident (7)]
  3848 | D:5      | Killed from afar by an orc wizard

Illustrated notes

Levels and vault maps discovered:
D:1:      scummos_arrival_simple_crosswalls, layout_loops_ring, serial_bayou,
          serial_bayou_lagoon_b, serial_bayou_shore_a, serial_bayou_lagoon_a,
          serial_bayou_shore_b, serial_bayou_pond_b, serial_park_tiny_pond
D:2:      layout_loops_ring, nicolae_ecumenical_oubliette,
          grunt_decor_resistance, grunt_decor_clamped, hangedman_decor_riveting,
          mrwooster_statue_mirror
D:3:      layout_basic, chequers_temple_overflow_minitemple, grunt_ministairs_5,
          kennysheep_jessica_study, uniq_robin
D:4:      layout_loops_ring
D:5:      layout_basic, lexackson_kobold_supper

Skill      XL: |  1  2  3  4  5  6  7 |
---------------+----------------------+-----
Maces & Flails | 3 4 5 6 |  6.8
Dodging        | 3 |  3.6
Fighting       | 3 |  3.9
Throwing       | |  0.9
Stealth        | |  1.6

Action                   |  1- 3 |  4- 6 |  7- 9 || total
-------------------------+-------+-------+-------++-------
Melee: Mace              |    96 |       |       ||    96
       Morningstar       |    22 |   156 |    40 ||   218
       Punch             |       |     1 |       ||     1
Throw: Stone             |       |    21 |       ||    21
       Dart              |       |     3 |       ||     3
 Stab: Sleeping          |     2 |     1 |       ||     3
Armor: Robe              |    76 |    31 |       ||   107
       Animal skin       |       |    12 |    14 ||    26
Dodge: Dodged            |    86 |    86 |    30 ||   202
